 Dungeon Crawl Stone Soup version 0.28.0-62-gf88900778d (webtiles) character file.

Game seed: 18075699283788943212

9546 cbfl8 the Cleaver (level 11, 0/85 HPs)
             Began as a Minotaur Fighter on July 7, 2023.
             Was a Follower of Hepliaklqana.
             Slain by a tarantella (4 damage)
             ... summoned by a broodmother
             ... on level 9 of the Dungeon.
             The game lasted 00:12:23 (14913 turns).

cbfl8 the Cleaver (Minotaur Fighter)               Turns: 14913, Time: 00:12:24

Health: 0/85       AC: 20    Str: 25    XL:     11   Next: 24%
Magic:  10/10      EV:  7    Int:  5    God:    Hepliaklqana [*.....]
Gold:   332        SH:  5    Dex: 13    Spells: 10/10 levels left

rFire   . . .      SeeInvis .   a - +0 war axe
rCold   . . .      Faith    .   c - +0 buckler
rNeg    . . .      Spirit   .   A - +0 plate armour
rPois   .          Reflect  .   h - +2 hat
rElec   .          Harm     .   D - +0 cloak
rCorr   .          Rampage  .   C - +0 pair of gloves {Str+3}
Will    .....                   o - +0 pair of boots
Stlth   ..........              (no amulet)
HPRegen 0.24/turn               (no ring)
MPRegen 0.12/turn               (no ring)

@: no status effects
A: reduced essence, horns 2, retaliatory headbutt
a: Renounce Religion, Recall Ancestor, Ancestor Identity


You were on level 9 of the Dungeon.
You worshipped Hepliaklqana.
Hepliaklqana was aware of your devotion.
You visited 2 branches of the dungeon, and saw 12 of its levels.
You also visited: Ossuary.

You collected 504 gold pieces.
You spent 172 gold pieces at shops.

Inventory:

Hand Weapons
 a - a +0 war axe (weapon)
Missiles
 t - 2 throwing nets
Armour
 c - a +0 buckler (worn)
 h - a +2 hat (worn)
 o - a +0 pair of boots (worn)
 A - a +0 plate armour (worn)
 C - a +0 pair of gloves of strength (worn)
 D - a +0 cloak (worn)
Wands
 q - a wand of polymorph (13)
 s - a wand of iceblast (15) (quivered)
 v - a wand of flame (14)
 B - a wand of digging (8)
Scrolls
 b - a scroll of amnesia {unknown}
 f - 4 scrolls of teleportation {unknown}
 g - 2 scrolls of fear
 k - 4 scrolls of enchant weapon
 l - 2 scrolls of immolation {unknown}
 m - a scroll of summoning
 p - 3 scrolls of enchant armour {unknown}
 u - 4 scrolls of magic mapping
 y - a scroll of noise
 G - a scroll of blinking {unknown}
Potions
 d - 3 potions of curing
 e - a potion of brilliance {unknown}
 i - 4 potions of heal wounds {unknown}
 j - 6 potions of mutation {unknown}
 n - 4 potions of haste {unknown}
 r - a potion of magic {unknown}
 w - a potion of flight {unknown}
 x - 2 potions of cancellation {unknown}
 z - a potion of invisibility {unknown}
 F - 2 potions of lignification {unknown}
Miscellaneous
 E - a tin of tremorstones (2/2)


   Skills:
 + Level 8.5 Fighting
 + Level 12.6 Axes
 * Level 5.5 Throwing
 + Level 9.7 Armour
 - Level 1.4 Dodging
 + Level 1.2 Stealth
 + Level 5.7 Shields
 * Level 6.7 Evocations


You had 10 spell levels left.
You didn't know any spells.
Your spell library contained the following spells:

 Spells                   Type           Power      Damage    Failure   Level
 Animate Skeleton         Necr           0%         N/A       100%        1
 Apportation              Tloc           0%         N/A       100%        1
 Magic Dart               Conj           0%         1d3       100%        1
 Summon Small Mammal      Summ           0%         N/A       100%        1
 Corpse Rot               Necr/Air       0%         N/A       100%        2
 Poisonous Vapours        Pois/Air       0%         N/A       100%        2
 Searing Ray              Conj           0%         2d4       100%        2
 Call Canine Familiar     Summ           0%         N/A       100%        3
 Summon Guardian Golem    Hex/Summ       0%         N/A       100%        3
 Fulminant Prism          Conj/Hex       0%         3d6       100%        4
 Blade Hands              Tmut           0%         N/A       100%        5
 Irradiate                Conj/Tmut      0%         3d13      100%        5
 Dragon Form              Tmut           0%         N/A       100%        7


Dungeon Overview and Level Annotations

Branches:
Dungeon (11/15)            Temple (1/1) D:6            Lair (0/6) D:10
Ossuary (visited)
    Orc: D:9-12

Altars:
Ashenzari
Cheibriados
Dithmenos
Elyvilon
Fedhas
Gozag
Hepliaklqana
Nemelex Xobeh
Okawaru
Qazlal
Ru
Sif Muna
Trog
Uskayaw
Vehumet
Wu Jian
Xom
Yredelemnul
Zin
The Shining One

Shops:
D:2 :   D:7 [


Innate Abilities, Weirdness & Mutations

Your life essence is reduced to manifest your ancestor. (-10% HP)
You have a pair of horns on your head.
You reflexively headbutt those who attack you in melee.


Message History

The five-headed hydra bites you but does no damage.
The five-headed hydra closely misses you.
Valentine hits the five-headed hydra.
There is a stone staircase leading up here.
Valentine barely misses the five-headed hydra.
The five-headed hydra bites you but does no damage. x5
You climb upwards.
There is a stone staircase leading down here.
Aiming: Polymorph
Press: ? - help, Q - select action, (/) - cycle Shift-Dir - straight line, f - five-headed hydra
Aim: a five-headed hydra (lightly wounded, will become a ghost moth, an ettin, or a broodmother, chance to affect: 30%)
The five-headed hydra evaporates and reforms as a broodmother!
The broodmother summons a spider!
Aiming: Iceblast
Press: ? - help, Q - select action, (/) - cycle Shift-Dir - straight line, p - broodmother
Okay, then.
The culicivora bites you!
The culicivora draws strength from your injuries!
The broodmother bites you!!
The broodmother's wounds heal themselves!
There is a stone staircase leading up here.
The culicivora bites you.
The culicivora draws strength from your injuries!
The broodmother bites you! You block the culicivora's attack.
You climb upwards.
The culicivora disappears in a puff of smoke!
There is a stone staircase leading down here.
Aiming: Iceblast
Press: ? - help, Q - select action, (/) - cycle Shift-Dir - straight line The mass of ice explodes!
The iceblast engulfs the broodmother!!
The broodmother is lightly wounded.
The broodmother bites you! The broodmother bites you!!
* * * LOW HITPOINT WARNING * * *
A spider bursts forth from the wound!
Aiming: Iceblast
Press: ? - help, Q - select action, (/) - cycle Shift-Dir - straight line The mass of ice explodes!
The iceblast engulfs the broodmother!!
The broodmother is moderately wounded.
The tarantella touches you.
You die...

................#................
.....................(...........
.......###.......................
.......# #.............<.........
.......# #.............######....
.......# #.............# #....
.......# #.............# #....
.......# #.............# #....
.......# #.....s@......# #....
.......# #.....)s......# #....
....>..# #.>...........# #....
.....†.# #.............# #....
.......###.............# #....
.......................######....
.................................
#################################


You could see a broodmother and a tarantella (summoned).

Vanquished Creatures
  Erica (D:10)
  An obsidian statue (D:9)
  Pikel (D:5)
  2 kobold demonologists (D:10)
  A troll (D:11)
  A meliai zombie (D:10)
  Sigmund (D:4)
  A shadow (D:10)
  11 yaks
  2 steam dragons
  Menkaure (D:5)
  Edmund (D:5)
  2 water moccasins
  5 black bears
  2 orc warriors
  A necrophage (D:6)
  2 ogres
  7 centaurs
  A lemure (D:4)
  A phantom (D:6)
  4 kobold brigands
  2 gnoll sergeants
  4 bullfrogs
  4 scorpions
  A wyvern zombie (D:7)
  A water moccasin skeleton (D:5)
  A wyvern skeleton (D:7)
  4 killer bees (D:9)
  4 wights (D:9)
  3 jellies (D:4)
  3 centaur zombies
  2 hounds (D:6)
  A centaur skeleton (D:7)
  A gnoll shaman (D:5)
  2 orc priests
  3 bullfrog skeletons
  4 iguanas
  6 orc wizards
  3 howler monkey zombies
  13 mummies (Ossuary)
  16 gnolls
  4 adders
  3 white imps
  An adder skeleton (D:5)
  4 dart slugs
  9 orcs
  6 bats
  6 endoplasms
  2 giant cockroaches
  11 goblins
  6 hobgoblins
  10 jackals
  A quokka (D:2)
  8 ball pythons
  2 frilled lizards
  3 gnoll skeletons (Ossuary)
  2 goblin skeletons (Ossuary)
  11 kobolds
  A kobold skeleton (Ossuary)
  2 orc skeletons (Ossuary)
  7 rats
  11 rat skeletons (Ossuary)
237 creatures vanquished.

Vanquished Creatures (others)
  A wyvern (D:9)
  18 fungi (D:10)
  28 plants (D:10)
47 creatures vanquished.

Grand Total: 284 creatures vanquished

Notes
Turn   | Place    | Note
-------+----------+-------------------------------------------
     0 | D:1      | cbfl8 the Minotaur Fighter began the quest for the Orb.
     0 | D:1      | Reached XP level 1. HP: 19/19 MP: 0/0
   152 | D:1      | Reached XP level 2. HP: 23/27 MP: 1/1
   622 | D:1      | Reached skill level 3 in Axes
   794 | D:2      | Reached XP level 3. HP: 33/33 MP: 2/2
   865 | D:2      | Reached skill level 1 in Evocations
   979 | D:2      | Found a glowing silver altar of Zin.
  1130 | D:2      | Found Guguip's Book Emporium.
  1439 | D:3      | Found a faded altar of an unknown god.
  1508 | D:2      | Reached XP level 4. HP: 27/40 MP: 3/3
  2117 | D:3      | Reached skill level 4 in Axes
  2755 | D:4      | Found a sand-covered staircase.
  2763 | Ossuary  | Entered an ossuary
  2926 | Ossuary  | Reached XP level 5. HP: 37/46 MP: 4/4
  3474 | Ossuary  | Reached skill level 5 in Axes
  3745 | Ossuary  | Reached XP level 6. HP: 50/53 MP: 5/5
  3962 | Ossuary  | Reached skill level 5 in Armour
  4194 | D:4      | Reached skill level 6 in Axes
  4429 | D:4      | Noticed Sigmund
  4471 | D:5      | Entered Level 5 of the Dungeon
  4471 | D:5      | Noticed Pikel
  4472 | D:5      | Noticed a steam dragon
  4501 | D:4      | Killed Sigmund
  4502 | D:4      | Reached XP level 7. HP: 31/60 MP: 6/6
  5001 | D:4      | Reached skill level 5 in Fighting
  5329 | D:5      | Reached skill level 7 in Axes
  5393 | D:5      | Noticed Edmund
  5407 | D:5      | Killed Edmund
  5408 | D:5      | Reached skill level 1 in Dodging
  5602 | D:5      | Noticed Menkaure
  5610 | D:5      | Killed Menkaure
  5611 | D:5      | Reached XP level 8. HP: 19/68 MP: 7/7
  6098 | D:5      | Reached skill level 8 in Axes
  6111 | D:5      | Killed Pikel
  6112 | D:5      | Reached skill level 1 in Stealth
  6620 | D:5      | Found an opulent altar of Gozag.
  6830 | D:6      | Found a sparkling altar of Nemelex Xobeh.
  6853 | D:6      | Reached XP level 9. HP: 77/77 MP: 8/8
  7076 | D:6      | Reached skill level 9 in Axes
  7208 | D:6      | Reached skill level 1 in Throwing
  7291 | D:6      | Found a hide-covered altar of Uskayaw.
  7438 | D:6      | Found a staircase to the Ecumenical Temple.
  7520 | Temple   | Entered the Ecumenical Temple
  7728 | D:6      | Found a bloodstained altar of Trog.
  7819 | D:6      | Reached skill level 5 in Evocations
  8496 | D:7      | Reached skill level 5 in Shields
  8832 | D:7      | Found a shimmering blue altar of Sif Muna.
  8886 | D:7      | Reached skill level 10 in Axes
  8908 | D:7      | Found Cukeli's Armour Boutique.
  8927 | D:7      | Bought a +0 pair of gloves of strength for 172 gold pieces
  8996 | D:7      | Found a shadowy altar of Dithmenos.
  9299 | D:8      | Found an iron altar of Okawaru.
 10390 | D:9      | Reached XP level 10. HP: 78/86 MP: 9/9
 10468 | D:9      | Found a sacrificial altar of Ru.
 10477 | D:9      | Found a shimmering altar of Xom.
 10513 | D:9      | Noticed an obsidian statue
 10773 | D:9      | Found a hazy altar of Hepliaklqana.
 10812 | D:9      | Became a worshipper of Hepliaklqana the Forgotten
 10934 | D:9      | Reached skill level 11 in Axes
 12949 | D:9      | Noticed a soul eater
 12975 | D:9      | Killed an obsidian statue
 13208 | D:10     | Entered Level 10 of the Dungeon
 13407 | D:10     | Noticed Erica
 13416 | D:10     | Killed Erica
 13417 | D:10     | Reached skill level 12 in Axes
 13587 | D:10     | Reached XP level 11. HP: 49/94 MP: 10/10
 13599 | D:10     | Reached skill level 5 in Throwing
 13993 | D:10     | Found a staircase to the Lair.
 14646 | D:10     | Reached * piety under Hepliaklqana
 14897 | D:11     | Noticed a five-headed hydra
 14906 | D:10     | Noticed a broodmother
 14906 | D:10     | a five-headed hydra changed into a broodmother
 14912 | D:9      | HP: 4/85 [broodmother (30)]
 14913 | D:9      | Slain by a tarantella

Illustrated notes

Levels and vault maps discovered:
D:1:      moated_graveyard_arrival, layout_basic
D:2:      layout_loops_ring, serial_shops, nicolae_shop_stone, basic_altar
D:3:      minmay_general_purpose_star, layout_loops_cross,
          general_overflow_altar, mainiacjoe_overflow_24_doors,
          hellmonk_ecumenical_altar_run_dry
D:4:      minmay_chambers_of_threes, layout_gridville,
          nicolae_ossuary_entry_plus, uniq_sigmund
D:5:      layout_rooms, mainiacjoe_overflow_alcove_1, dk_noncrumbling_2,
          uniq_menkaure, uniq_edmund, uniq_pikel
D:6:      layout_basic, mainiacjoe_overflow_catwalk, old_standard_altar,
          marbit_many_paths, minmay_temple_entry_mini_moons
D:7:      layout_cave_pools, grunt_dithmenos_smoke_and_mirrors, led_sif_book,
          serial_shops, nicolae_square_shop
D:8:      layout_basic, old_standard_altar
D:9:      minmay_statue_hallways, layout_long_grid, amcnicky_altar_gilded,
          mainiacjoe_overflow_catwalk_spiral
D:10:     layout_cave_pools, due_lair_maze_entry_diamond, serial_glass,
          glass_columns_b, glass_columns_c, roderic_lattice_a, uniq_erica
D:11:     layout_loops_ring
Temple:   cyrus_temple_forest

Skill      XL: |  1  2  3  4  5  6  7  8  9 10 11 |
---------------+----------------------------------+-----
Axes           | 3 4 5 6 7 8 10 12 | 12.6
Armour         | 4 5 7 8 9 |  9.7
Evocations     | 1 2 3 4 5 6 |  6.7
Fighting       | 4 5 6 7 8 |  8.5
Shields        | 4 5 |  5.7
Dodging        | 1 |  1.4
Stealth        | 1 |  1.2
Throwing       | 3 4 5 |  5.5

Action                   |  1- 3 |  4- 6 |  7- 9 | 10-12 || total
-------------------------+-------+-------+-------+-------++-------
Melee: War axe           |    81 |   172 |   242 |   249 ||   744
       Headbutt          |    10 |    37 |    56 |    70 ||   173
Invok: Ancestor Identity |       |       |       |     1 ||     1
Evoke: Wand              |       |       |     1 |     3 ||     4
  Use: Potion            |     2 |     5 |       |     1 ||     8
       Scroll            |       |     6 |     2 |     1 ||     9
Armor: Scale mail        |    42 |    57 |    50 |       ||   149
       Plate armour      |       |       |    99 |   183 ||   282
Dodge: Dodged            |    32 |    59 |    84 |    77 ||   252
Block: Buckler           |     8 |    26 |    53 |    59 ||   146
